 Dungeon Crawl Stone Soup version 0.30-a0-672-gc3a7216ad8 (webtiles) character file.

Game seed: 15628960936987783218

435 Dirtsage the Changer (level 7, 0/51 HPs)
             Began as an Octopode Transmuter on Jan 18, 2023.
             Killed by divine providence
             ... invoked by an orc priest
              (11 damage)
             ... on level 4 of the Dungeon.
             The game lasted 00:05:40 (2961 turns).

Dirtsage the Changer (Octopode Transmuter)          Turns: 2961, Time: 00:05:41

Health: 0/51       AC:  7    Str:  9    XL:     7   Next: 0%
Magic:  2/10       EV: 10    Int: 17    God:
Gold:   154        SH:  0    Dex: 19    Spells: 3/10 levels left

rFire   x . .      SeeInvis .      - Unarmed
rCold   + + +      Faith    .    (shield currently unavailable)
rNeg    . . .      Spirit   .    (helmet currently unavailable)
rPois   +          Reflect  .    (no amulet)
rElec   .          Harm     .    b - +6 ring of dexterity
rCorr   .          Rampage  .    (no ring)
Will    .....                    (no ring)
Stlth   ++                       (no ring)
HPRegen 0.28/turn                (no ring)
MPRegen 0.12/turn                (no ring)
                                 (no ring)
                                 (no ring)

@: ice-form, wereblooded
A: freezing attack, boosted hp, almost no armour, amphibious, 8 rings, large,
(camouflage 1), (gelatinous body 1), (nimble swimmer 1), (tentacles)
a: End Transformation


You were on level 4 of the Dungeon.
You were a creature of crystalline ice.
You visited 1 branch of the dungeon, and saw 4 of its levels.

You collected 154 gold pieces.

Inventory:

Jewellery
 b - a +6 ring of dexterity (left front paw)
Scrolls
 c - 2 scrolls of enchant armour {unknown}
 f - 2 scrolls of identify {unknown}
Potions
 a - a potion of lignification
 d - a potion of ambrosia {unknown}
 e - 2 potions of might {unknown}
 g - 5 potions of degeneration {unknown}
 h - a potion of mutation {unknown}
 i - 2 potions of curing {unknown}
 j - a potion of attraction {unknown}
 k - 2 potions of invisibility {unknown}
 l - a potion of resistance {unknown}


   Skills:
 - Level 1.0 Fighting
 - Level 2.0 Dodging
 - Level 3.0 Unarmed Combat
 - Level 2.0 Spellcasting
 * Level 5.2 Transmutations
 * Level 4.7 Ice Magic


You had 3 spell levels left.
You knew the following spells:

 Your Spells              Type           Power      Damage    Failure   Level
a - Beastly Appendage     Tmut           38%        N/A       2%          1
b - Wereblood             Tmut           19%        N/A       3%          2
c - Ice Form              Ice/Tmut       18%        N/A       24%         4

Your spell library contained the following spells:

 Spells                   Type           Power      Damage    Failure   Level
 Slow                     Hex            4%         N/A       19%         1
 Spider Form              Tmut/Pois      10%        N/A       21%         3
 Ignite Poison            Fire/Tmut/Pois 7%         N/A       28%         3
 Confusing Touch          Hex            1%         N/A       50%         3
 Kindle Blastsparks       Fire/Tloc/Air  2%         2d10      50%         3
 Summon Guardian Golem    Hex/Summ       1%         N/A       50%         3
 Vampiric Draining        Necr           1%         2d6       50%         3
 Freezing Cloud           Conj/Ice/Air   3%         6-21      96%         5
 Fireball                 Conj/Fire      0%         3d3       99%         5
 Iskenderun's Battlesphe  Conj           1%         2d6       99%         5
 Conjure Ball Lightning   Conj/Air       0%         3x3d6     100%        6
 Orb of Destruction       Conj           0%         9d5       100%        7
 Spellforged Servitor     Conj/Summ      0%         N/A       100%        7


Dungeon Overview and Level Annotations

Branches:
Dungeon (4/15)
 Temple: D:4-7

Altars:

Annotations:
D:4 Pargi


Innate Abilities, Weirdness & Mutations

You are a creature of crystalline ice.
You have a powerful freezing melee attack.
Your maximum health is increased.
Your armour is entirely melded.
You are incapable of wielding weapons or throwing items.
You cannot wear most types of armour.
You are amphibious.
You can wear up to eight rings at the same time.
((Your skin changes colour to match your surroundings (Stealth+).))
((Your rubbery body absorbs attacks. (AC +1, EV +1)))
((You are camouflaged when in or above water. (Stealth+)))
((You have tentacles for arms and can constrict up to eight enemies at once.))


Message History

You barely miss Pargi.
Pargi is lightly wounded.
The orc priest calls down the wrath of Beogh upon you.
Beogh smites you! Pargi bites you. Pargi claws you. Pargi barely misses you.
You take 17 damage, and have 31/51 hp.
MASSIVE DAMAGE!!
You closely miss Pargi.
Pargi is lightly wounded.
The orc priest hits you from afar with a +0 trident.
Pargi bites you. Pargi claws you but does no damage. x2
You take 7 damage, and have 24/51 hp.
You hit Pargi. You freeze Pargi.
Pargi is lightly wounded.
Pargi closely misses you. Pargi completely misses you.
Pargi claws you but does no damage.
The orc priest hits you from afar with a +0 trident.
You take 4 damage, and have 20/51 hp.
You punch Pargi! You freeze Pargi.
Pargi is moderately wounded.
The orc priest hits you but does no damage.
Pargi bites you. Pargi claws you but does no damage. Pargi claws you.
* * * LOW HITPOINT WARNING * * *
You take 5 damage, and have 15/51 hp.
You barely miss Pargi.
Pargi is moderately wounded.
The orc priest looks satisfied for a moment.
The orc priest hits you from afar with a +0 trident.
* * * LOW HITPOINT WARNING * * *
Pargi bites you.
* * * LOW HITPOINT WARNING * * *
Pargi claws you but does no damage. x2
You take 4 damage, and have 11/51 hp.
You hit Pargi. You freeze Pargi.
Pargi is moderately wounded.
Pargi bites you but does no damage. Pargi claws you but does no damage.
Pargi barely misses you.
The orc priest hits you from afar with a +0 trident.
* * * LOW HITPOINT WARNING * * *
The orc priest calls down the wrath of Beogh upon you.
Beogh smites you!
You die...

#.## #.##
###.. #.#
#..####...
#.#
##...##.##
#.#
###.....#
#.# ###...#
##.# #.#.#
#..# #.#.##
#.## ..#..#
#Y# .####.#
#T# .# #..
##o# .# ##.
#.o# .# ##
##.. #.###.#
#..#
###.....#
###.##
#....####
#...# #.####
#####
##T#########


You could see Pargi and 2 orc priests.

Vanquished Creatures
  Sigmund (D:4)
  A howler monkey (D:4)
  Crazy Yiuf (D:2)
  An orc priest (D:4)
  An orc wizard (D:4)
  Robin (D:2)
  3 adders
  3 gnolls (D:3)
  An ufetubus (D:4)
  A dart slug (D:1)
  4 orcs
  A ball python (D:3)
  5 endoplasms
  5 giant cockroaches
  9 hobgoblins
  3 jackals (D:1)
  2 quokkas (D:1)
  5 bats
  9 frilled lizards
  10 goblins (D:2)
  3 kobolds
  5 rats
75 creatures vanquished.

Vanquished Creatures (others)
  2 plants (D:2)
2 creatures vanquished.

Grand Total: 77 creatures vanquished

Notes
Turn   | Place    | Note
-------+----------+-------------------------------------------
     0 | D:1      | Dirtsage the Octopode Transmuter began the quest for the
                  | Orb.
     0 | D:1      | Reached XP level 1. HP: 13/13 MP: 3/3
    97 | D:1      | Reached skill level 1 in Ice Magic
    97 | D:1      | Reached XP level 2. HP: 12/18 MP: 3/5
   155 | D:1      | Learned a level 2 spell: Wereblood
   413 | D:1      | Reached XP level 3. HP: 23/23 MP: 4/6
   788 | D:2      | Reached skill level 3 in Transmutations
   904 | D:2      | Found a faded altar of an unknown god.
  1045 | D:2      | Noticed Robin
  1111 | D:2      | Killed Robin
  1112 | D:2      | Reached XP level 4. HP: 28/28 MP: 4/7
  1563 | D:2      | Found a runed translucent door.
  1564 | D:2      | Noticed Crazy Yiuf
  1920 | D:2      | Learned a level 4 spell: Ice Form
  1926 | D:2      | Killed Crazy Yiuf
  2115 | D:3      | Reached XP level 5. HP: 17/33 MP: 5/8
  2244 | D:3      | Reached skill level 4 in Transmutations
  2538 | D:4      | Noticed Pargi
  2596 | D:4      | Noticed Sigmund
  2609 | D:4      | Killed Sigmund
  2610 | D:4      | Reached skill level 5 in Transmutations
  2610 | D:4      | Reached XP level 6. HP: 33/38 MP: 3/9
  2860 | D:4      | Reached XP level 7. HP: 43/43 MP: 1/10
  2939 | D:4      | Saving game... please wait.
  2961 | D:4      | Killed from afar by an orc priest

Illustrated notes

Levels and vault maps discovered:
D:1:      scummos_arrival_hexagon, layout_basic,
          hangedman_decor_clover_reticule, minmay_three_crescents
D:2:      layout_rooms, hellmonk_ecumenical_altar_blasted,
          serial_co_window_serial, co_window_paths_a,
          co_window_of_opportunity_a, co_window_corner_a,
          co_window_of_opportunity_a, co_window_of_opportunity_a,
          co_window_corner_cb, co_window_corner_ca, co_window_corner_b,
          co_window_unsneaky_path_e, co_window_broadway_b, co_window_corner_ca,
          co_window_2corner, co_window_paths_d, glass_columns_c,
          glass_columns_b, glass_columns_a, glass_columns_a, minmay_lizard_king,
          uniq_robin, uniq_crazy_yiuf_cottage
D:3:      layout_rooms
D:4:      layout_rooms, nicolae_uskayaw_en_pointe, supply_closet_lemuel,
          nicolae_zen_rock_garden, uniq_sigmund, uniq_eustachio, uniq_pargi

Skill      XL: |  1  2  3  4  5 |
---------------+----------------+-----
Ice Magic      | 1 2 3 4 |  4.7
Transmutations | 3 5 |  5.2
Fighting       | |  1.0
Dodging        | |  2.0
Unarmed Combat | |  3.0
Spellcasting   | |  2.0

Action                   |  1- 3 |  4- 6 |  7- 9 || total
-------------------------+-------+-------+-------++-------
Melee: Unarmed           |    81 |    78 |     9 ||   168
       Kick              |    26 |    10 |       ||    36
       Tentacles         |    15 |    10 |       ||    25
       Constrict         |    22 |    15 |       ||    37
       Punch             |     5 |     2 |       ||     7
 Cast: Beastly Appendage |    12 |     7 |       ||    19
       Wereblood         |     6 |     3 |     1 ||    10
       Ice Form          |       |     6 |     1 ||     7
  Use: Potion            |       |     1 |       ||     1
 Stab: Sleeping          |     1 |     2 |       ||     3
Armor: Skin              |     7 |    13 |    12 ||    32
Dodge: Dodged            |    51 |    35 |     5 ||    91

Table legend: (Time is in decaauts)
 A = Elapsed time spent in this place.
 B = Non-inter-level travel time spent in this place.
 C = Inter-level travel time spent in this place.
 D = Time resting spent in this place.
 E = Time spent auto-exploring this place.
 F = Levels seen in this place.
 G = Mean time per level.
                   A        B        C        D        E       F      G
               +--------+--------+--------+--------+--------+-----+--------+
         Total |   2950 |   2889 |     61 |     45 |   2338 |   4 |  737.5 |
       Dungeon |   2950 |   2889 |     61 |     45 |   2338 |   4 |  737.5 |
               +--------+--------+--------+--------+--------+-----+--------+

Top non-repeatable levels by time:
     D:2: 1284 daAuts
     D:1: 768 daAuts
     D:3: 493 daAuts
     D:4: 404 daAuts
